 Dungeon Crawl Stone Soup version 0.30-b1-2-g02819fbbbe (webtiles) character file.

Game seed: 4633812349741375317

51128 emikaela the Covert (level 14, 0/84 HPs)
             Began as a Vampire Warper on May 18, 2023.
             Was a Believer of Uskayaw.
             Killed from afar by a manticore (9 damage)
             ... with a volley of spikes
             ... on level 13 of the Dungeon.
             The game lasted 02:20:19 (30028 turns).

emikaela the Covert (Vampire Warper)               Turns: 30028, Time: 02:20:20

Health: 0/84       AC: 12    Str: 12    XL:     14   Next: 22%
Magic:  17/22      EV: 21    Int: 15    God:    Uskayaw [**....]
Gold:   668        SH:  5    Dex: 17    Spells: 4/24 levels left

rFire   + + .        b - +8 lance "Wyrmbane" {slay drac, rPois rF+ rC+ AC+3}
rCold   + + .        (no shield)
rNeg    + + +        X - +2 robe of Emiofauj {rElec}
rPois   ∞            (no helmet)
rElec   +            n - +2 cloak {Stlth+}
rCorr   .            U - +0 pair of gloves
SInv    +            u - +0 pair of boots
Will    +....        q - amulet of reflection
Stlth   ++++++++     R - ring of fire
HPRegen 0.00/turn    M - +5 ring of evasion
MPRegen 0.18/turn

%: reflection
@: spiked, on blink cooldown, bloodless, inhibited regen
A: bloodless, fangs 3, see invisible, vampiric 2
a: Bat Form, Revivify, Renounce Religion, Stomp, Line Pass


You were on level 13 of the Dungeon.
You worshipped Uskayaw.
Uskayaw was aware of your devotion.
You visited 3 branches of the dungeon, and saw 19 of its levels.
You also visited: Gauntlet.

You collected 2659 gold pieces.
You spent 1991 gold pieces at shops.

Inventory:

Hand Weapons
 a - a +4 dagger of venom
 b - the +8 lance "Wyrmbane" (weapon) {slay drac, rPois rF+ rC+ AC+3}
   (You bought it in a shop on level 2 of the Dungeon)

   AC:        It affects your AC (+3).
   rF:        It protects you from fire.
   rC:        It protects you from cold.
   rPois:     It protects you from poison.
 s - the +5 long sword of Vitaejei {heavy, rElec}
   (You found it on level 2 of the Lair of Beasts)

   rElec:     It insulates you from electricity.
Missiles
 d - 7 boomerangs of dispersal {!f}
 j - 9 javelins
 r - 8 boomerangs
 t - 53 poisoned darts (quivered)
 Q - 9 atropa-tipped darts
 Y - 3 curare-tipped darts {!f}
Armour
 i - a scarf of resistance
 n - a +2 cloak of stealth (worn)
 u - a +0 pair of boots (worn)
 w - +0 acid dragon scales
 U - a +0 pair of gloves (worn)
 X - the +2 robe of Emiofauj (worn) {rElec}
   (You found it on level 12 of the Dungeon)

   rElec:     It insulates you from electricity.
Jewellery
 e - a +6 ring of strength
 h - an amulet of faith {!P}
 q - an amulet of reflection (around neck)
 y - a +6 ring of dexterity
 M - a +5 ring of evasion (right hand)
 P - a +6 ring of intelligence
 R - a ring of fire (left hand)
 S - a ring of willpower
Wands
 B - a wand of iceblast (7)
 F - a wand of flame (5)
 G - a wand of digging (21)
 K - a wand of mindburst (5)
 N - a wand of charming (2)
Scrolls
 c - 3 scrolls of poison {!r}
 g - 4 scrolls of fog
 l - 4 scrolls of blinking
 m - 2 scrolls of magic mapping
 p - 6 scrolls of teleportation
 v - 3 scrolls of vulnerability {!r}
 z - 4 scrolls of amnesia
 J - a scroll of silence {!r}
 O - a scroll of brand weapon
 T - a scroll of torment
Potions
 f - 2 potions of resistance
 k - 4 potions of haste
 o - a potion of magic
 x - 9 potions of curing
 A - 2 potions of might
 C - a potion of brilliance
 D - 4 potions of lignification {!q}
 E - 2 potions of flight
 H - 3 potions of berserk rage {!q}
 I - 4 potions of heal wounds
 L - 4 potions of mutation {!q}
 V - 2 potions of ambrosia
 Z - 2 potions of cancellation
Miscellaneous
 W - a phial of floods


   Skills:
 - Level 8.0 Fighting
 - Level 7.6 Short Blades
 * Level 2.2 Polearms
 - Level 0.7 Throwing
 - Level 0.7 Armour
 - Level 7.1 Dodging
 - Level 12.0 Stealth
 + Level 5.5 Spellcasting
 - Level 6.0 Hexes
 - Level 8.0 Summonings
 - Level 8.0 Translocations
 - Level 8.0 Air Magic
 - Level 10.0 Invocations
 + Level 6.8 Evocations


You had 4 spell levels left.
You knew the following spells:

 Your Spells              Type           Power      Damage    Failure   Level
a - Manifold Assault      Tloc           28%        N/A       6%          4
d - Tukima's Dance        Hex            22%        N/A       4%          3
e - Vhi's Electric Charg  Tloc/Air       56%        N/A       1%          3
l - Blink                 Tloc           56%        N/A       1%          2
p - Apportation           Tloc           56%        N/A       1%          1
s - Summon Lightning Spi  Summ/Air       28%        N/A       6%          4
t - Teleport Other        Tloc           28%        N/A       1%          3

Your spell library contained the following spells:

 Spells                   Type           Power      Damage    Failure   Level
 Summon Small Mammal      Summ           100%       N/A       1%          1
 Lesser Beckoning         Tloc           56%        N/A       1%          2
 Call Canine Familiar     Summ           28%        N/A       1%          3
 Portal Projectile        Hex/Tloc       50%        N/A       2%          3
 Momentum Strike          Conj/Tloc      32%        3d8       4%          2
 Static Discharge         Conj/Air       32%        2-4/arc   4%          2
 Airstrike                Air            14%        2d(2-18)  6%          4
 Passage of Golubria      Tloc           28%        N/A       6%          4
 Ensorcelled Hibernation  Hex/Ice        26%        N/A       7%          2
 Necrotise                Necr           16%        1d4       16%         1
 Sublimation of Blood     Necr           4%         N/A       24%         2
 Animate Armour           Summ/Erth      32%        N/A       30%         4
 Anguish                  Hex/Necr       6%         N/A       41%         4
 Leda's Liquefaction      Hex/Erth       6%         N/A       41%         4
 Spider Form              Tmut/Pois      4%         N/A       43%         3
 Vampiric Draining        Necr           4%         2d6       43%         3
 Petrify                  Tmut/Erth      4%         N/A       83%         4
 Summon Forest            Summ/Tloc      14%        N/A       16%         5
 Silence                  Hex/Air        12%        N/A       24%         5
 Summon Mana Viper        Hex/Summ       25%        N/A       24%         5
 Arcjolt                  Conj/Air       8%         1d18      63%         5
 Summon Cactus Giant      Summ           14%        N/A       65%         6
 Agony                    Necr           4%         N/A       99%         5
 Blade Hands              Tmut           2%         N/A       99%         5
 Irradiate                Conj/Tmut      2%         3d12      99%         5
 Plasma Beam              Fire/Air       12%        2x1d25    99%         6
 Iron Shot                Conj/Erth      2%         9d2       100%        6
 Storm Form               Tmut/Air       8%         N/A       100%        7
 Lehudib's Crystal Spear  Conj/Erth      2%         10d2      100%        8
 Maxwell's Capacitive Co  Air            14%        ∞         100%        8


Dungeon Overview and Level Annotations

Branches:
Dungeon (13/15)            Temple (0/1) D:7            Lair (5/5) D:10
 Shoals (0/4) Lair:2       Spider (0/4) Lair:2          Orc (1/2) D:9
 Vaults (0/5) D:13        Gauntlet (visited)
  Slime: Lair:4-5

Altars:
Fedhas
Kikubaaqudgha
Okawaru
Trog
Uskayaw

Shops:
D:2 (   D:9 *   D:10 *   D:11 !

Annotations:
D:8 exclusion: wolf, Grum
D:10 Fannar
Lair:2 3 runed translucent doors, exclusions: catoblepas and komodo dragon, NitroKuite's ghost, journeyman DsCK
Lair:3 exclusion: oklob plant
Lair:4 exclusion: oklob plant
Lair:5 exclusion: 3 oklob plants


Innate Abilities, Weirdness & Mutations

You do not regenerate when monsters are visible.
You are frail without blood (-20% HP).
You can heal yourself when you bite living creatures.
You are immune to poison.
You have razor-sharp teeth.
You have supernaturally acute eyesight. (SInv)
You are afflicted with vampirism and can become a bat while bloodless.


Message History

The centaur warrior shoots an arrow.
The arrow hits you!
You puncture the centaur warrior!
The centaur warrior is severely wounded.
The manticore bites you! You block the manticore's attack.
The manticore misses you.
The centaur warrior unwields a +0 shortbow.
The centaur warrior hits you but does no damage.
The centaur warrior completely misses you.
You hit the centaur warrior.
The centaur warrior is severely wounded.
The manticore bites you but does no damage.
The manticore barely misses you. The manticore closely misses you.
The centaur warrior hits you!
* * * LOW HITPOINT WARNING * * *
The centaur warrior completely misses you.
You can now pass through a line of other dancers.
Casting: Summon Lightning Spire (dangerous; 6% risk of failure)
Confirm with . or Enter, or press ? or * to list all spells.
You blink.
The centaur warrior wields a +0 shortbow.
The centaur warrior shoots an arrow.
The arrow barely misses you.
The manticore flicks its tail.
The volley of spikes hits you!
The barbed spikes become lodged in your body.
* * * LOW HITPOINT WARNING * * *
The centaur warrior shoots an arrow.
The arrow completely misses you.
Your lightning spire shoots out a bolt of lightning at the manticore!
The bolt of electricity hits the manticore!
Aiming: Iceblast
Press: ? - help, Shift-Dir - straight line, f/p - centaur warrior
Aim: a centaur warrior, wielding a +0 shortbow (severely wounded)
The mass of ice explodes!
The iceblast engulfs the centaur warrior!
The centaur warrior is almost dead.
The iceblast engulfs the manticore!
The manticore is severely wounded.
The manticore flicks its tail.
The volley of spikes hits you!
The barbed spikes become lodged in your body.
You die...

#..#.........#.#..
#..#.........#.###
#..#####.....#....
#.8# #.....'....
#§.# #.....#.###
#Hc# .#.....###..
#..##..###.....#..
#........#.....#..
#@.......#<....#..
#........#.....#..
#..####..#.....###
#'## ####....# #..
....# #.. .....
#.. ..... #... )..


You could see a centaur warrior, a manticore (ally target) and a friendly
lightning spire (summoned).

Vanquished Creatures
  3 hydras (Lair:4)
  2 boulder beetles
  A catoblepas (Lair:5)
  A centaur warrior (D:13)
  7 death yaks
  A skyshark (Lair:5)
  An orb spider (shapeshifter) (D:12)
  A lindwurm (Lair:5)
  2 ugly things
  A deep elf pyromancer (D:12)
  A manticore (D:12)
  2 cyclopes
  A guardian serpent (Lair:5)
  9 elephants
  4 black mambas
  9 cane toads
  Joseph (D:8)
  3 unseen horrors
  A torpor snail (Lair:1)
  2 kobold demonologists (D:11)
  9 komodo dragons
  8 trolls
  A polar bear (Lair:4)
  Prince Ribbit (D:7)
  2 hornets (Lair:5)
  12 blink frogs
  3 shadows (D:9)
  4 dream sheep (Lair:5)
  3 slime creatures (D:13)
  4 wraiths
  10 wyverns
  A vampire (D:12)
  A water elemental (D:11)
  26 yaks
  3 redbacks
  4 basilisks
  3 vampire mosquitoes
  2 steam dragons
  25 water moccasins
  3 acid dragons
  2 black bears
  4 orc warriors
  3 ogres
  4 wolves (Lair:1)
  11 centaurs
  3 kobold brigands
  12 bullfrogs
  2 scorpions
  3 wights (D:9)
  A troll zombie (D:9)
  6 killer bees (D:8)
  8 electric eels
  2 howler monkeys (D:7)
  7 orc priests
  3 hounds
  Crazy Yiuf (D:4)
  2 jellies
  2 iguanas
  7 orc wizards
  5 ogre zombies (D:9)
  2 human simulacra (D:13)
  9 adders
  2 white imps
  An ufetubus (D:7)
  3 worms (D:2)
  A dart slug (D:3)
  40 orcs
  9 endoplasms
  2 giant cockroaches
  4 goblins
  9 hobgoblins
  31 kobolds
  3 quokkas
  7 ball pythons
  6 bats
  A frilled lizard (D:2)
  2 goblin skeletons (D:9)
  2 goblin zombies (D:9)
  4 hobgoblin zombies (D:9)
  4 orc skeletons (D:9)
  6 orc zombies (D:9)
  6 rats
  2 butterflies (Lair:5)
422 creatures vanquished.

Vanquished Creatures (collateral kills)
  A catoblepas (D:13)
  A death yak (Lair:5)
  A skyshark (Lair:5)
  An ugly thing (D:13)
  2 manticores (D:13)
  2 black mambas (Lair:5)
  2 cane toads (Lair:5)
  A komodo dragon (Lair:5)
  Grinder (D:6)
  A hornet (Lair:5)
  2 dream sheep (Lair:5)
  2 wyverns (Lair:5)
  3 yaks (Lair:4)
  A hog (shapeshifter) (D:13)
  A water moccasin (Lair:5)
  A nameless horror (Lair:4)
23 creatures vanquished.

Vanquished Creatures (others)
  A wolf spider (Lair:5)
  A dancing weapon (D:7)
  44 fungi
  123 plants
169 creatures vanquished.

Grand Total: 614 creatures vanquished

Notes
Turn   | Place    | Note
-------+----------+-------------------------------------------
     0 | D:1      | emikaela the Vampire Warper began the quest for the Orb.
     0 | D:1      | Reached XP level 1. HP: 16/16 MP: 3/3
   148 | D:1      | Reached skill level 1 in Stealth
   497 | D:1      | Reached XP level 2. HP: 14/22 MP: 5/5
   500 | D:1      | Learned a level 2 spell: Blink
   579 | D:1      | Reached skill level 2 in Stealth
  1258 | D:2      | Found Hoanirul's Antique Weapon Shoppe.
  1553 | D:2      | Reached skill level 3 in Stealth
  1553 | D:2      | Gained mutation: You are afflicted with vampirism and can
                  | become a bat while bloodless. [Vampire growth]
  1553 | D:2      | Reached XP level 3. HP: 20/21 MP: 6/6
  2587 | D:3      | Reached XP level 4. HP: 26/26 MP: 7/7
  2853 | D:4      | Noticed a steam dragon
  2882 | D:4      | Found a bloodstained altar of Trog.
  2882 | D:4      | Found a hide-covered altar of Uskayaw.
  2919 | D:4      | Became a worshipper of Uskayaw the Reveller
  2944 | D:4      | Reached * piety under Uskayaw
  2960 | D:4      | Reached skill level 4 in Stealth
  2966 | D:4      | Reached XP level 5. HP: 30/30 MP: 8/8
  3382 | D:4      | Reached ** piety under Uskayaw
  3395 | D:4      | Reached *** piety under Uskayaw
  3476 | D:4      | Found a runed translucent door.
  3477 | D:4      | Noticed Crazy Yiuf
  3633 | D:4      | Killed Crazy Yiuf
  3693 | D:5      | Entered Level 5 of the Dungeon
  3724 | D:4      | Killed a steam dragon
  3725 | D:4      | Reached skill level 5 in Stealth
  3725 | D:4      | Reached skill level 1 in Invocations
  3725 | D:4      | Reached XP level 6. HP: 36/36 MP: 9/9
  4033 | D:5      | Reached XP level 7. HP: 41/41 MP: 10/10
  4265 | D:6      | Found an iron altar of Okawaru.
  4314 | D:6      | Reached **** piety under Uskayaw
  4341 | D:6      | Reached skill level 6 in Stealth
  4560 | D:6      | Found a blossoming altar of Fedhas.
  4588 | D:6      | Reached skill level 5 in Short Blades
  4593 | D:6      | Learned a level 3 spell: Teleport Other
  4597 | D:6      | Learned a level 3 spell: Tukima's Dance
  5024 | D:6      | Noticed a cyclops
  5026 | D:6      | Reached skill level 7 in Stealth
  5026 | D:6      | Reached XP level 8. HP: 48/48 MP: 11/11
  5027 | D:6      | Killed a cyclops
  5028 | D:6      | Reached skill level 5 in Dodging
  5240 | D:6      | Noticed Grinder
  5333 | D:7      | Found an ancient bone altar of Kikubaaqudgha.
  5359 | D:7      | Found a staircase to the Ecumenical Temple.
  5362 | D:7      | Noticed Prince Ribbit
  5383 | D:7      | Reached skill level 8 in Stealth
  5393 | D:7      | Killed Prince Ribbit
  5394 | D:7      | Reached skill level 5 in Hexes
  5579 | D:7      | Reached XP level 9. HP: 52/52 MP: 13/13
  5878 | D:7      | Identified the +7 falchion "Ixugaq" {speed, rF- Will+ MP+9}
  6152 | D:7      | Reached skill level 5 in Invocations
  6191 | D:7      | Identified the +8 scimitar of Demand {holy, rPois rN++
                  | rCorr Dex-2}
  6228 | D:7      | Learned a level 3 spell: Vhi's Electric Charge
  6359 | D:8      | Noticed Joseph
  6383 | D:8      | Killed Joseph
  6384 | D:8      | Reached skill level 1 in Air Magic
  6678 | D:8      | Reached skill level 1 in Evocations
  6679 | D:8      | Reached ***** piety under Uskayaw
  6762 | D:8      | Reached skill level 5 in Translocations
  6959 | D:8      | Noticed Grum
  7361 | D:8      | Reached XP level 10. HP: 56/56 MP: 14/14
  7381 | D:9      | Learned a level 4 spell: Manifold Assault
  7597 | D:9      | Found a staircase to the Orcish Mines.
  8241 | D:9      | Found Ykoic's Serpentskin Sales.
  8489 | D:9      | Reached skill level 5 in Evocations
  9477 | D:10     | Entered Level 10 of the Dungeon
  9566 | D:10     | Reached skill level 5 in Fighting
  9999 | D:10     | Identified the +0 ring mail of Foumyzim {-Tele Harm Dex+2}
 10173 | D:10     | Reached XP level 11. HP: 63/63 MP: 16/16
 10428 | D:10     | Found Wiecw's Whimsical Warehouse.
 10641 | D:10     | Found a staircase to the Lair.
 10743 | D:10     | Noticed Fannar
 11063 | Orc:1    | Entered Level 1 of the Orcish Mines
 11063 | Orc:1    | Noticed an orc warlord
 11063 | Orc:1    | Noticed an orc sorcerer
 11064 | Orc:1    | Noticed an orc sorcerer
 11145 | D:11     | Found Ciunt's Distillery.
 11160 | D:11     | Bought a potion of heal wounds for 75 gold pieces
 12536 | D:12     | Identified the +2 robe of Emiofauj {rElec}
 13174 | D:12     | Noticed a purple ugly thing
 13591 | Lair:1   | Entered Level 1 of the Lair of Beasts
 14167 | Lair:1   | Noticed a death yak
 14534 | D:12     | Found an iron altar of Okawaru.
 14560 | D:12     | Noticed a deep elf pyromancer
 14562 | D:12     | Killed a deep elf pyromancer
 15127 | D:12     | Noticed a boulder beetle
 15218 | Lair:1   | Killed a death yak
 15219 | Lair:1   | Reached XP level 12. HP: 24/71 MP: 16/18
 15814 | Lair:2   | Identified the +5 long sword of Vitaejei {heavy, rElec}
 16271 | Lair:2   | Found a staircase to the Shoals.
 16285 | Lair:2   | Found a hole to the Spider Nest.
 16341 | Lair:2   | Noticed a catoblepas
 16581 | Lair:2   | Found a runed translucent gate.
 16581 | Lair:2   | Found a runed translucent gate.
 16581 | Lair:2   | Found a runed translucent gate.
 16632 | Lair:2   | Reached skill level 5 in Air Magic
 16674 | Lair:2   | Noticed NitroKuite's ghost (journeyman DsCK)
 17332 | Lair:2   | Reached skill level 5 in Spellcasting
 17486 | Lair:3   | Found a gate leading to a gauntlet.
 17519 | Gauntlet | Entered a Gauntlet
 17519 | Gauntlet | Found a transporter.
 17522 | Gauntlet | Found a transporter.
 17538 | Gauntlet | Noticed a blizzard demon
 17539 | Gauntlet | Found a transporter.
 17542 | Gauntlet | Found a transporter.
 17563 | Gauntlet | Found a transporter.
 17564 | Gauntlet | Noticed a hell beast
 17573 | Gauntlet | Found a transporter.
 17575 | Gauntlet | Found the ring of Shadows {Umbra +Inv Stlth+}
 17577 | Gauntlet | Noticed a great orb of eyes
 17585 | Gauntlet | Found a transporter.
 17589 | Gauntlet | Found a transporter.
 17616 | Gauntlet | Found a transporter.
 17617 | Gauntlet | Noticed a catoblepas
 17638 | Gauntlet | Found a runed translucent door.
 17639 | Gauntlet | Found a transporter.
 17642 | Gauntlet | Found a transporter.
 17645 | Gauntlet | Noticed a reaper
 17648 | Gauntlet | Found a transporter.
 19231 | Lair:4   | Noticed a boulder beetle
 19235 | Lair:4   | Killed a boulder beetle
 19236 | Lair:4   | Reached skill level 9 in Stealth
 19485 | Lair:4   | Learned a level 1 spell: Apportation
 19613 | Lair:4   | Noticed a five-headed hydra
 19788 | Lair:4   | Noticed a five-headed hydra
 19793 | Lair:4   | Killed a five-headed hydra
 19814 | Lair:4   | Killed a five-headed hydra
 19815 | Lair:4   | Reached skill level 10 in Invocations
 19836 | Lair:4   | Reached skill level 10 in Stealth
 20311 | Lair:4   | Noticed a four-headed hydra
 20315 | Lair:4   | Killed a four-headed hydra
 20688 | Lair:4   | You fall into a shaft and drop 1 floor!
 20688 | Lair:5   | Entered Level 5 of the Lair of Beasts
 20924 | Lair:5   | Noticed a catoblepas
 21265 | Lair:5   | Learned a level 4 spell: Summon Lightning Spire
 21427 | Lair:5   | Killed a catoblepas
 21428 | Lair:5   | Reached skill level 1 in Summonings
 21428 | Lair:5   | Reached XP level 13. HP: 24/78 MP: 2/20
 21431 | Lair:5   | Reached skill level 11 in Stealth
 24074 | Lair:5   | Reached skill level 5 in Summonings
 27108 | Lair:5   | Reached XP level 14. HP: 84/84 MP: 4/21
 27863 | D:13     | Identified a scroll of acquirement
 27898 | D:13     | Acquired 1331 gold pieces
 28013 | D:6      | Killed Grinder
 28239 | D:2      | Bought the +8 lance "Wyrmbane" {slay drac, rPois rF+ rC+
                  | AC+3} for 1616 gold pieces
 28239 | D:2      | Found the +8 lance "Wyrmbane" {slay drac, rPois rF+ rC+
                  | AC+3}
 28403 | D:11     | Bought a potion of resistance for 150 gold pieces
 28403 | D:11     | Bought a potion of haste for 150 gold pieces
 28873 | D:13     | Reached skill level 1 in Polearms
 29129 | D:13     | Found a gate to the Vaults.
 29129 | D:13     | Noticed an ironbound preserver
 29254 | D:13     | Reached skill level 12 in Stealth
 30028 | D:13     | Killed from afar by a manticore

Illustrated notes

Levels and vault maps discovered:
D:1:      evilmike_arrival_crescent, layout_basic
D:2:      layout_basic, serial_shops, nicolae_shop_tiny_glass
D:3:      layout_rooms, hangedman_decor_points, chequers_avenue,
          minmay_misc_feat_diagonals
D:4:      layout_cave_pools, mainiacjoe_overflow_divided_tiny,
          uniq_crazy_yiuf_cottage
D:5:      layout_basic
D:6:      corexii_shack_village, layout_loops_ring,
          mainiacjoe_overflow_chevrons, fedhas_altar_3, kennysheep_minor_cross,
          uniq_grinder
D:7:      layout_loops_ring, marbit_many_paths, minmay_temple_entry_overgrown,
          minmay_puff, uniq_prince_ribbit1
D:8:      layout_loops_ring, uniq_joseph, uniq_grum
D:9:      layout_long_grid, zombieorc1_lemuel, guppyfry_shop_venom
D:10:     layout_long_grid, dpeg_oklobed_lair, nicolae_alphabet_shops,
          nrook_mini_backslash, chequers_serial_rivers_micro_a,
          serial_bayou_pond_b, uniq_fannar
D:11:     layout_basic, serial_shops, nicolae_stop_n_shop_2
D:12:     layout_loops_ring, okawaru_gym_becter
D:13:     layout_gridville, skrybe_vaults_entry_preservation, bh_circular_ruins
Lair:1:   layout_regular_city
Lair:2:   layout_long_grid, shoals_dummy_entry, spider_nest_entry_webs,
          gammafunk_ghost_icy
Lair:3:   layout_cave_pods, gauntlet_entry_generic
Lair:4:   layout_layer_cave, minmay_lair_oklob_items,
          nicolae_quartered_pool_super, grunt_megastairs_1
Lair:5:   hangedman_lair_tendril_chambers, layout_loops_ring,
          minmay_slime_entry_oklob_enclosed, lemuel_fruit_fields,
          serial_bayou_shore_a
Orc:1:    cheibrodos_orc_guarddog, layout_diamond_mine, special_room
          [special_room_kobold], mines1_david

Skill      XL: |  1  2  3  4  5  6  7  8  9 10 11 12 13 14 |
---------------+-------------------------------------------+-----
Stealth        | 1 3 4 5 7 8 10 11 12 | 12.0
Short Blades   | 3 4 5 6 7 |  7.6
Fighting       | 2 3 4 5 6 8 |  8.0
Dodging        | 3 4 5 6 7 |  7.1
Translocations | 3 4 5 6 7 8 |  8.0
Invocations    | 1 2 4 6 7 9 10 | 10.0
Hexes          | 5 6 |  6.0
Spellcasting   | 3 4 5 |  5.5
Air Magic      | 3 4 5 8 |  8.0
Evocations     | 2 5 6 |  6.8
Summonings     | 1 8 |  8.0
Polearms       | 2 |  2.2
Throwing       | |  0.7
Armour         | |  0.7

Action                     |  1- 3 |  4- 6 |  7- 9 | 10-12 | 13-15 || total
---------------------------+-------+-------+-------+-------+-------++-------
  Melee: Short sword       |   124 |       |       |       |       ||   124
         Bite              |    10 |     3 |    29 |   149 |   100 ||   291
         Dagger            |    21 |    39 |   180 |   407 |   679 ||  1326
         Punch             |       |       |     5 |    18 |    13 ||    36
         Falchion          |       |       |    91 |   524 |       ||   615
         Lance             |       |       |       |       |   104 ||   104
  Throw: Stone             |     2 |       |       |       |       ||     2
         Dart              |       |       |       |     7 |     7 ||    14
   Cast: Tukima's Dance    |       |       |     2 |       |       ||     2
         Blink             |       |       |       |    21 |    13 ||    34
         Manifold Assault  |       |       |       |     5 |   136 ||   141
         Vhi's Electric Ch |       |       |       |     1 |     1 ||     2
         Summon Lightning  |       |       |       |       |    37 ||    37
         Apportation       |       |       |       |       |     1 ||     1
 Invoke: Stomp             |       |     1 |     4 |    26 |     5 ||    36
         Line Pass         |       |       |     2 |     4 |       ||     6
Ability: Exsanguinate      |     1 |       |       |       |       ||     1
         End Transformatio |       |       |       |     1 |       ||     1
         Bat Form          |       |       |       |     1 |       ||     1
  Evoke: Wand              |       |       |       |    27 |    11 ||    38
         Phial of floods   |       |       |       |     1 |     1 ||     2
    Use: Scroll            |       |     3 |    10 |    19 |     4 ||    36
         Potion            |       |       |       |     1 |     1 ||     2
   Stab: Sleeping          |    14 |    18 |    11 |    46 |     9 ||    98
         Paralysed         |       |     1 |    10 |    19 |     2 ||    32
         Distracted        |       |       |     1 |     4 |    10 ||    15
         Confused          |       |       |     2 |       |       ||     2
         Petrified         |       |       |       |     1 |     1 ||     2
 Armour: Leather armour    |    28 |     3 |       |       |       ||    31
         Steam dragon scal |       |       |    35 |    47 |       ||    82
         Acid dragon scale |       |       |       |    77 |       ||    77
         Robe              |       |       |       |    22 |    87 ||   109
  Dodge: Dodged            |    76 |    14 |   130 |   657 |   403 ||  1280
  Block: Other             |       |     3 |    30 |   171 |    89 ||   293
         Reflection        |       |       |     1 |     4 |     1 ||     6
